 Dungeon Crawl Stone Soup version 0.28.0-62-gf88900778d (webtiles) character file.

Game seed: 11804717531233255093

916 cbfl8 the Chopper (level 7, -25/54 HPs)
             Began as a Demonspawn Fighter on June 30, 2023.
             Annihilated by an ogre
             ... wielding a +0 giant spiked club
              (31 damage)
             ... on level 5 of the Dungeon.
             The game lasted 00:03:54 (5763 turns).

cbfl8 the Chopper (Demonspawn Fighter)              Turns: 5763, Time: 00:03:55

Health: -25/54     AC:  9    Str: 17    XL:     7   Next: 83%
Magic:  9/9        EV:  9    Int:  9    God:
Gold:   286        SH:  5    Dex: 14    Spells: 6/6 levels left

rFire   . . .      SeeInvis .   n - +1 war axe (vorpal)
rCold   . . .      Faith    .   c - +0 buckler
rNeg    . . .      Spirit   .   b - +0 scale mail
rPois   .          Reflect  .   (helmet restricted)
rElec   .          Harm     .   q - +0 cloak
rCorr   .          Rampage  .   i - +0 pair of gloves
Will    .....                   (no boots)
Stlth   ..........              (no amulet)
HPRegen 0.18/turn               e - ring of flight
MPRegen 0.22/turn               (no ring)

@: flying
A: antennae 2, spiny 1, magic regeneration
a: no special abilities


You were on level 5 of the Dungeon.
You visited 2 branches of the dungeon, and saw 6 of its levels.

You collected 286 gold pieces.

Inventory:

Hand Weapons
 n - a +1 vorpal war axe (weapon)
Armour
 b - a +0 scale mail (worn)
 c - a +0 buckler (worn)
 i - a +0 pair of gloves (worn)
 q - a +0 cloak (worn)
Jewellery
 e - a ring of flight (left hand)
Wands
 a - a wand of iceblast (4)
 l - a wand of flame (12)
 s - a wand of mindburst (12)
Scrolls
 d - a scroll of noise {unknown}
 f - a scroll of fog {unknown}
 j - 6 scrolls of teleportation {unknown}
 k - 5 scrolls of identify {unknown}
 r - a scroll of silence {unknown}
Potions
 g - 4 potions of flight {unknown}
 h - 2 potions of cancellation {unknown}
 m - a potion of ambrosia {unknown}
 o - a potion of degeneration {unknown}
 p - a potion of curing {unknown}
 t - a potion of brilliance {unknown}


   Skills:
 + Level 4.1 Fighting
 + Level 5.7 Axes
 + Level 3.9 Armour
 + Level 1.5 Dodging
 + Level 0.4 Stealth
 + Level 3.3 Shields
 * Level 3.1 Invocations
 * Level 2.8 Evocations


You had 6 spell levels left.
You didn't know any spells.
Your spell library contained the following spells:

 Spells                   Type           Power      Damage    Failure   Level
 Animate Skeleton         Necr           0%         N/A       86%         1
 Apportation              Tloc           0%         N/A       86%         1
 Summon Small Mammal      Summ           0%         N/A       86%         1
 Ensorcelled Hibernation  Hex/Ice        0%         N/A       95%         2
 Gell's Gravitas          Tloc           0%         N/A       99%         3
 Lesser Beckoning         Tloc           0%         N/A       99%         3
 Spider Form              Tmut/Pois      0%         N/A       99%         3
 Teleport Other           Tloc           0%         N/A       99%         3
 Anguish                  Hex/Necr       0%         N/A       100%        4
 Fireball                 Conj/Fire      0%         3d3       100%        5
 Starburst                Conj/Fire      0%         6d3       100%        6
 Ignition                 Fire           0%         3d3       100%        8


Dungeon Overview and Level Annotations

Branches:
Dungeon (5/15)             Temple (1/1) D:4

Altars:
Ashenzari
Cheibriados
Dithmenos
Elyvilon
Hepliaklqana
Kikubaaqudgha
Makhleb
Nemelex Xobeh
Qazlal
Ru
Sif Muna
Trog
Uskayaw
Vehumet
Wu Jian
Xom
Yredelemnul
Zin
The Shining One

Shops:
D:5 ?[


Innate Abilities, Weirdness & Mutations

You have a pair of antennae on your head.
You are partially covered in sharp spines.
You regenerate magic rapidly.


Message History

You block the phantom's attack.
You slash the phantom!
You destroy the phantom!
Your Invocations skill increases to level 3!
No target in view!
You now have 286 gold pieces (gained 17).
An ogre comes into view. It is wielding a +0 giant spiked club.
The ogre shouts!
An ogre is nearby!
An ogre is nearby!
You block the ogre's attack.
An ogre is nearby!
You slash the ogre!
The ogre is heavily wounded.
The ogre closely misses you.
You barely miss the ogre.
The ogre is heavily wounded.
The ogre hits you but does no damage.
You closely miss the ogre.
The ogre is heavily wounded.
The ogre is struck by your spines.
The ogre hits you with a +0 giant spiked club!
You hit the ogre but do no damage.
The ogre is heavily wounded.
The ogre hits you with a +0 giant spiked club!
You are too injured to fight recklessly!
You hit the ogre.
The ogre is heavily wounded.
The ogre hits you with a +0 giant spiked club!
* * * LOW HITPOINT WARNING * * *
You hit the ogre.
The ogre is severely wounded.
The ogre is struck by your spines.
The ogre hits you with a +0 giant spiked club.
* * * LOW HITPOINT WARNING * * *
You hit the ogre.
The ogre is almost dead.
The ogre hits you with a +0 giant spiked club!!
Ouch! That really hurt!
You die...

##. ### ####.. ##.#
##..#.. #..### #..)...
#....# #...... ##....#
##..∩... ###....##
#.......
####.#.....###.#.###.
#...@......#...#..##.
#..O..........#...###
#.....#.#..>...#..#...
#.....#..#...#.#....##
###########..#.....##
..........#
#..........#
+..........#
#...........


You could see an ogre.

Vanquished Creatures
  2 ogres (D:4)
  A centaur (D:5)
  A phantom (D:5)
  A water moccasin skeleton (D:4)
  A centaur zombie (D:5)
  A jelly (D:4)
  Crazy Yiuf (D:3)
  An orc priest (D:4)
  A bullfrog skeleton (D:4)
  2 hounds (D:5)
  Jessica (D:2)
  Terence (D:3)
  2 iguanas (D:4)
  An orc wizard (D:4)
  A hound skeleton (D:4)
  Robin (D:2)
  A howler monkey skeleton (D:4)
  2 adders (D:3)
  3 gnolls (D:4)
  A shadow imp (D:5)
  An adder skeleton (D:5)
  3 worms
  2 dart slugs
  8 orcs
  7 ball pythons
  6 endoplasms
  2 giant cockroaches
  16 goblins
  8 hobgoblins
  12 kobolds
  5 quokkas
  6 bats
  2 frilled lizards
  A jackal skeleton (D:4)
  5 rats
110 creatures vanquished.

Notes
Turn   | Place    | Note
-------+----------+-------------------------------------------
     0 | D:1      | cbfl8 the Demonspawn Fighter began the quest for the Orb.
     0 | D:1      | Reached XP level 1. HP: 18/18 MP: 1/1
   427 | D:1      | Reached skill level 2 in Axes
   495 | D:1      | Gained mutation: You regenerate magic rapidly. [demonic
                  | ancestry]
   495 | D:1      | Reached XP level 2. HP: 22/24 MP: 2/2
  1575 | D:2      | Noticed Jessica
  1583 | D:2      | Reached XP level 3. HP: 19/28 MP: 3/3
  1587 | D:2      | Killed Jessica
  1765 | D:2      | Noticed Robin
  1771 | D:2      | Reached skill level 3 in Axes
  1772 | D:2      | Reached XP level 4. HP: 26/34 MP: 4/4
  1776 | D:2      | Killed Robin
  2463 | D:3      | Found a sacrificial altar of Ru.
  2727 | D:3      | Found a faded altar of an unknown god.
  2924 | D:3      | Gained mutation: You are partially covered in sharp spines.
                  | [demonic ancestry]
  2924 | D:3      | Reached XP level 5. HP: 39/39 MP: 5/5
  2947 | D:3      | Reached skill level 1 in Dodging
  2965 | D:3      | Noticed Terence
  2977 | D:3      | Killed Terence
  3445 | D:3      | Found a runed translucent door.
  3446 | D:3      | Noticed Crazy Yiuf
  3583 | D:3      | Killed Crazy Yiuf
  3641 | D:4      | Reached skill level 1 in Invocations
  3641 | D:4      | Reached skill level 1 in Evocations
  3720 | D:4      | Gained mutation: You have a pair of small antennae on your
                  | head. [demonic ancestry]
  3720 | D:4      | Reached XP level 6. HP: 35/48 MP: 6/6
  3844 | D:4      | Reached skill level 4 in Axes
  3935 | D:4      | Gained mutation: You have a pair of antennae on your head.
                  | [demonic ancestry]
  3935 | D:4      | Reached XP level 7. HP: 6/53 MP: 8/8
  4252 | D:4      | Reached skill level 5 in Axes
  4650 | D:4      | Found a staircase to the Ecumenical Temple.
  5033 | Temple   | Entered the Ecumenical Temple
  5345 | D:5      | Entered Level 5 of the Dungeon
  5345 | D:5      | Found Towumorgh's Magic Scroll Boutique.
  5728 | D:5      | Found Voyxuroo's Armour Shop.
  5763 | D:5      | Annihilated by an ogre

Illustrated notes

Levels and vault maps discovered:
D:1:      minmay_arrival_hallway, layout_basic
D:2:      layout_loops_corners, uniq_jessica, uniq_robin
D:3:      layout_loops_ring, nicolae_ru_great_annihilating_truth,
          hellmonk_ecumenical_altar_run_dry, uniq_terence,
          uniq_crazy_yiuf_cottage
D:4:      minmay_chambers_of_threes, layout_basic,
          minmay_temple_entry_proselytizer, grunt_ministairs_9
D:5:      layout_cave_pools, serial_shops, nicolae_stop_n_shop_2,
          kennysheep_little_box, shop
Temple:   dpeg_five_rooms_temple

Skill      XL: |  1  2  3  4  5  6  7 |
---------------+----------------------+-----
Axes           | 2 3 4 5 |  5.7
Armour         | 3 |  3.9
Shields        | 3 |  3.3
Dodging        | 1 |  1.5
Invocations    | 1 2 3 |  3.1
Evocations     | 1 2 |  2.8
Fighting       | 4 |  4.1
Stealth        | |  0.4

Action                   |  1- 3 |  4- 6 |  7- 9 || total
-------------------------+-------+-------+-------++-------
Melee: War axe           |    81 |   129 |    52 ||   262
  Use: Potion            |       |     2 |       ||     2
 Stab: Paralysed         |       |     1 |       ||     1
Armor: Scale mail        |    55 |    65 |    19 ||   139
Dodge: Dodged            |    42 |    52 |    29 ||   123
Block: Buckler           |    21 |    33 |    12 ||    66
